 Dungeon Crawl Stone Soup version 0.25.0-9-g26727b657a (webtiles) character file.

Game seed: 11095373003342152047

717 LohmatiyShmel the Cleaver (level 7, -2/66 HPs)
             Began as a Hill Orc Fighter on June 19, 2020.
             Slain by an ogre
             ... wielding a +0 giant club
              (22 damage)
             ... on level 4 of the Dungeon.
             The game lasted 00:09:17 (5080 turns).

LohmatiyShmel the Cleaver (Hill Orc Fighter)        Turns: 5080, Time: 00:09:18

Health: -2/66      AC:  9    Str: 19    XL:     7   Next: 70%
Magic:  7/7        EV:  7    Int:  8    God:
Gold:   247        SH:  9    Dex: 12    Spells: 6/6 levels left

rFire    . . .     SeeInvis .   a - +0 war axe
rCold    . . .     Gourm    .   c - +0 kite shield
rNeg     . . .     Faith    .   b - +1 scale mail
rPois    .         Spirit   .   (no helmet)
rElec    .         Reflect  .   (no cloak)
rCorr    .         Harm     .   (no gloves)
MR       .....                  l - +0 pair of boots
Stlth    ..........             (no amulet)
HPRegen  0.21/turn              (no ring)
MPRegen  0.10/turn              (no ring)

@: mighty
A: no striking features
a: no special abilities


You were on level 4 of the Dungeon.
You were not hungry.

You visited 1 branch of the dungeon, and saw 4 of its levels.

You collected 247 gold pieces.

Inventory:

Hand Weapons
 a - a +0 war axe (weapon)
Armour
 b - a +1 scale mail (worn)
 c - a +0 kite shield (worn)
 l - a +0 pair of boots (worn)
Jewellery
 h - an uncursed ring of stealth {unknown}
Wands
 o - a wand of disintegration (13)
Scrolls
 e - 3 scrolls of enchant armour
 g - 2 scrolls of teleportation
 j - 3 scrolls of identify
Potions
 i - a potion of brilliance
 k - 6 potions of curing
 m - a potion of cancellation {unknown}
Comestibles
 f - 6 rations
 n - 3 chunks of flesh


   Skills:
 + Level 7.1 Fighting
 * Level 8.7 Axes
 - Level 3.4 Armour
 - Level 3.4 Shields


You had 6 spell levels left.
You didn't know any spells.
Your spell library was empty.

Dungeon Overview and Level Annotations

Branches:
Dungeon (4/15)
 Temple: D:4-7

Altars:
Kikubaaqudgha
Ru
Sif Muna


Message History

You hit the gnoll but do no damage. The gnoll hits you with a +0 flail.
You hit the ogre.
The ogre is lightly wounded.
You slash the gnoll!
You kill the gnoll!
The ogre barely misses you.
You hit the ogre.
The ogre is moderately wounded.
The ogre hits you with a +0 giant club!!
* * * LOW HITPOINT WARNING * * *
The gnoll closely misses you.
You are too injured to fight recklessly!
You are too injured to fight recklessly!
A gnoll comes into view. It is wielding a +0 spear.
There is an open door, spattered with blood here.
Things that are here:
a +0 club; a +0 leather armour You feel very mighty all of a sudden.
The ogre hits you with a +0 giant club!!
You die...

.....).........)........
≈≈≈≈≈≈≈≈≈≈≈≈≈..÷.≈≈≈≈≈≈≈
≈≈≈≈≈≈≈≈≈≈≈≈≈....≈≈≈≈≈≈≈
#≈≈≈≈≈≈≈≈≈≈≈≈....≈≈≈≈≈≈≈
#.......................
#############''''#########
# #....#.......#
#....#.....).#
+...@Og.g...)#
############'# #.......#
.g...g..# g.......#
#........ ########. . $ ##


You could see an ogre and 2 gnolls.

Vanquished Creatures
  A crimson imp (D:4)
  2 orc priests (D:4)
  2 gnoll shamans (D:4)
  3 orc wizards (D:4)
  Natasha (thrice) (D:2)
  5 worker ants
  7 adders
  13 gnolls
  A white imp (D:4)
  An ooze (D:4)
  2 worms
  2 dart slugs (D:1)
  3 leopard geckos
  9 orcs
  6 giant cockroaches
  12 goblins
  6 hobgoblins
  8 jackals
  2 quokkas
  4 bats
  3 frilled lizards
  8 kobolds
  9 rats
112 creatures vanquished.

Notes
Turn   | Place    | Note
-------+----------+-------------------------------------------
     0 | D:1      | LohmatiyShmel the Hill Orc Fighter began the quest for the
                  | Orb.
     0 | D:1      | Reached XP level 1. HP: 19/19 MP: 1/1
   244 | D:1      | Reached XP level 2. HP: 24/27 MP: 2/2
   429 | D:1      | Reached skill level 3 in Axes
  1159 | D:2      | Reached XP level 3. HP: 34/34 MP: 3/3
  1233 | D:2      | Noticed Natasha
  1243 | D:2      | Killed Natasha
  1243 | D:2      | Reached skill level 4 in Axes
  1243 | D:2      | Reached XP level 4. HP: 12/41 MP: 4/4
  1542 | D:2      | Reached skill level 5 in Fighting
  1675 | D:2      | Found a sacrificial altar of Ru.
  1730 | D:2      | Noticed Natasha
  1740 | D:2      | Killed Natasha
  1743 | D:2      | Reached XP level 5. HP: 39/48 MP: 5/5
  2115 | D:2      | Noticed Natasha
  2126 | D:2      | Killed Natasha
  2126 | D:2      | Reached skill level 5 in Axes
  2694 | D:3      | Found a faded altar of an unknown god.
  3294 | D:3      | Reached XP level 6. HP: 39/57 MP: 6/6
  3405 | D:4      | Reached skill level 6 in Axes
  3818 | D:4      | Reached skill level 7 in Axes
  4108 | D:4      | Reached XP level 7. HP: 45/64 MP: 7/7
  4618 | D:4      | Reached skill level 8 in Axes
  4821 | D:4      | Found a shimmering blue altar of Sif Muna.
  4821 | D:4      | Found an ancient bone altar of Kikubaaqudgha.
  5080 | D:4      | Slain by an ogre

Illustrated notes

Levels and vault maps discovered:
D:1:      lemuel_arrival_lava_pool, layout_basic
D:2:      layout_rooms, first_ration, nicolae_ru_path_of_blood, uniq_natasha
D:3:      layout_rooms, chequers_ecumenical_altar_grove, minivault_24
D:4:      lemuel_castle_with_subvaults [lemuel_castle_interior_carwin_3],
          layout_basic, gammafunk_temple_overflow_wave, minmay_fire_ice_demons

Skill      XL: |  1  2  3  4  5  6  7 |
---------------+----------------------+-----
Fighting       | 4 5 6 7 |  7.1
Axes           | 3 4 5 7 8 |  8.7
Armour         | |  3.4
Shields        | |  3.4

Action                   |  1- 3 |  4- 6 |  7- 9 || total
-------------------------+-------+-------+-------++-------
Melee: War axe           |   109 |   231 |   113 ||   453
  Use: Potion            |     3 |       |     1 ||     4
       Scroll            |       |     9 |       ||     9
  Eat: Chunk             |     1 |     7 |     3 ||    11
       Ration            |       |     1 |       ||     1
Armor: Scale mail        |    56 |   110 |    37 ||   203
Dodge: Dodged            |    34 |    64 |    25 ||   123
Block: Kite shield       |    62 |   131 |    47 ||   240
